 Dungeon Crawl Stone Soup version 0.30-a0-377-g5cb311bc9f (webtiles) character file.

Game seed: 7684620685287351612

203 qeuew the Trooper (level 5, -3/43 HPs)
             Began as a Demonspawn Chaos Knight on Nov 29, 2022.
             Was a Plaything of Xom.
             Slain by a swamp drake (15 damage)
             ... on level 3 of the Dungeon.
             The game lasted 00:07:37 (2743 turns).

qeuew the Trooper (Demonspawn Chaos Knight)         Turns: 2743, Time: 00:07:38

Health: -3/43      AC:  6    Str: 14    XL:     5   Next: 51%
Magic:  5/5        EV: 11    Int: 14    God:    Xom [..*...]
Gold:   190        SH:  0    Dex: 12    Spells: 4/4 levels left

rFire   . . .      SeeInvis .    a - +0 mace (chaos)
rCold   . . .      Faith    .    (no shield)
rNeg    . . .      Spirit   .    b - +3 leather armour
rPois   .          Reflect  .    (no helmet)
rElec   .          Harm     .    (no cloak)
rCorr   .          Rampage  .    (no gloves)
Will    .....                    (no boots)
Stlth   +.........               (no amulet)
HPRegen 0.27/turn                (no ring)
MPRegen 0.09/turn                (no ring)

@: no status effects
A: demonic guardian 2, foul stench 1
a: Renounce Religion


You were on level 3 of the Dungeon.
You worshipped Xom.
You were a toy of Xom.
You visited 1 branch of the dungeon, and saw 3 of its levels.
You also visited: Sewer.

You collected 190 gold pieces.

Inventory:

Hand Weapons
 a - a +0 mace of chaos (weapon)
Armour
 b - a +3 leather armour (worn)
 d - a +2 ring mail of cold resistance
Jewellery
 g - a +4 ring of protection
Scrolls
 h - a scroll of magic mapping
 i - 4 scrolls of blinking
 j - a scroll of butterflies {unknown}
 l - a scroll of noise {unknown}
 m - 2 scrolls of identify
 n - a scroll of summoning {unknown}
 r - a scroll of poison {unknown}
Potions
 e - a potion of resistance
 k - 3 potions of invisibility {unknown}
 o - a potion of brilliance {unknown}
 p - a potion of mutation {unknown}
 q - a potion of curing {unknown}
Miscellaneous
 c - a piece from Xom's chessboard (15/15) (quivered)


   Skills:
 * Level 4.4 Fighting
 + Level 3.3 Maces & Flails
 + Level 2.6 Armour
 + Level 2.0 Dodging
 + Level 1.9 Evocations


You had 4 spell levels left.
You didn't know any spells.
Your spell library contained the following spells:

 Spells                   Type           Power      Damage    Failure   Level
 Freeze                   Ice            0%         1d3       34%         1
 Magic Dart               Conj           0%         1d3       34%         1
 Searing Ray              Conj           0%         2d4       47%         2
 Frozen Ramparts          Ice            0%         1d1       71%         3
 Hailstorm                Conj/Ice       0%         3d3       71%         3
 Fulminant Prism          Conj/Hex       0%         3d5       98%         4


Dungeon Overview and Level Annotations

Branches:
Dungeon (3/15)              Sewer (visited)

Altars:

Shops:
D:2 (((:


Innate Abilities, Weirdness & Mutations

A demonic guardian rushes to your aid.
You may rarely emit foul miasma when damaged in melee.


Message History

Unknown command.
You hit the swamp drake.
The swamp drake is heavily wounded. "Go forth and cause havoc, mortal!"
You feel much better.
The swamp drake is engulfed in dark miasma.
The swamp drake is poisoned.
The swamp drake seems to slow down.
The swamp drake bites you.
You feel much better.
The swamp drake is no longer moving slowly.
The swamp drake is engulfed in dark miasma.
The swamp drake seems to slow down.
The swamp drake bites you.
You closely miss the swamp drake.
The swamp drake is heavily wounded.
The swamp drake is no longer moving slowly.
The swamp drake is engulfed in dark miasma.
The swamp drake bites you but does no damage.
The swamp drake is engulfed in dark miasma.
The swamp drake looks even sicker.
The swamp drake bites you but does no damage.
You hit the swamp drake.
Lightning courses through the swamp drake!
Your punch misses the swamp drake.
The swamp drake is severely wounded.
The swamp drake is engulfed in dark miasma.
The swamp drake looks even sicker.
The swamp drake bites you!
A demonic guardian appears!
You hit the swamp drake but do no damage.
The swamp drake is almost dead.
The swamp drake closely misses you. The swamp drake bites you!
Unknown command.
You barely miss the swamp drake.
The swamp drake is almost dead.
The swamp drake bites you!
* * * LOW HITPOINT WARNING * * *
You emit a cloud of foul miasma!
The swamp drake is engulfed in dark miasma.
The swamp drake looks as sick as possible!
The swamp drake bites you!
You die...

.#...#### ~~P~~≈≈P......#.
)##.## ...
~♣~~~~~~♣≈~~#....## .####
.. ~~~P.~~~~≈P~#...#.# ..#
#~~~~.~.##~~≈~~#..#.#. #.#
##~~♣~...###~~P~...##.. #.#
#~.P~~.#.# #~~♣~..#.... #.#
####~~~~.P#.# #.~~~#......
#.#
##....~~P4##.###.P~.#######
#.#####....~~~.k@......~~P#
.#.......(......##.########
#.#####.........##.# ###
##...#..#.##.#
##..........# #####.######
#.# #.# ########## #.#


You could see a swamp drake (berserk, strong, extremely poisoned, ally target)
and a friendly ice devil (summoned).

Vanquished Creatures
  An orc wizard (D:2)
  A gnoll (D:1)
  7 adders
  A river rat (Sewer)
  2 worms
  A dart slug (D:1)
  5 orcs
  6 bats
  3 endoplasms
  6 giant cockroaches
  8 goblins
  4 hobgoblins
  6 quokkas (D:3)
  7 ball pythons
  8 frilled lizards
  3 kobolds
  10 rats
79 creatures vanquished.

Vanquished Creatures (collateral kills)
  An adder (D:3)
1 creature vanquished.

Vanquished Creatures (others)
  A fungus (D:3)
  51 plants (D:3)
  4 toadstools (D:3)
56 creatures vanquished.

Grand Total: 136 creatures vanquished

Notes
Turn   | Place    | Note
-------+----------+-------------------------------------------
     0 | D:1      | qeuew the Demonspawn Chaos Knight began the quest for the
                  | Orb.
     0 | D:1      | Reached XP level 1. HP: 18/18 MP: 1/1
    12 | D:1      | Noticed a centaur
    43 | D:1      | Reached skill level 1 in Dodging
    45 | D:1      | XOM: silly message
   206 | D:1      | Gained mutation: You may rarely emit foul miasma when
                  | damaged in melee. [demonic ancestry]
   206 | D:1      | Reached XP level 2. HP: 24/24 MP: 2/2
   368 | D:1      | Gained mutation: A weak demonic guardian rushes to your
                  | aid. [demonic ancestry]
   368 | D:1      | Reached XP level 3. HP: 29/29 MP: 3/3
   581 | D:1      | XOM: silly message
   624 | D:2      | Found Qaof's Antique Weapon Boutique.
   646 | D:2      | XOM: butterfly on damage
   648 | D:2      | Reached skill level 1 in Evocations
   761 | D:2      | XOM: draining
   811 | D:2      | Found Jekunlae's Antique Weapon Boutique.
   834 | D:2      | XOM: confuse monster(s)
   843 | D:2      | XOM: silly message
   845 | D:2      | Reached XP level 4. HP: 30/37 MP: 4/4
  1057 | D:2      | Found Aroy's Weapon Boutique.
  1095 | D:2      | Found Gonwun's Book Shoppe.
  1349 | D:3      | Found a faded altar of an unknown god.
  1408 | D:3      | XOM: divination: magic mapping
  1451 | D:3      | Found a glowing drain.
  1482 | Sewer    | Entered a sewer
  1499 | Sewer    | XOM: 1-stop teleportation journey
  1504 | Sewer    | Reached skill level 4 in Fighting
  1591 | Sewer    | XOM: silly message
  1660 | Sewer    | Gained mutation: A demonic guardian rushes to your aid.
                  | [demonic ancestry]
  1660 | Sewer    | Reached XP level 5. HP: 17/42 MP: 5/5
  1997 | D:3      | XOM: cloud trail
  2126 | D:3      | XOM: 5-stop teleportation journey
  2734 | D:3      | a ball python changed into a swamp drake
  2734 | D:3      | Noticed a swamp drake
  2734 | D:3      | XOM: polymorph ball python -> swamp drake
  2738 | D:3      | XOM: potion effect (heal wounds)
  2743 | D:3      | Slain by a swamp drake

Illustrated notes

Levels and vault maps discovered:
D:1:      evilmike_arrival_come_back, layout_basic
D:2:      layout_rooms, serial_shops, shop, nicolae_lakefront_shop,
          nicolae_shop_advertising_works [nicolae_subvault_shop_adworks],
          nicolae_shop_window_shopping, minmay_large_rounded_square,
          grunt_ministairs_3
D:3:      layout_loops_corners, portal_sewer_entry_f, serial_bayou,
          serial_bayou_pond_c, serial_bayou_lagoon_a, serial_bayou_ford_a,
          serial_bayou_pond_e, shapermc_ecumenical_altar_totnotflames,
          minmay_gold_behind_fungi, minmay_misc_feat_secret_circle,
          due_unseen_surprise

Skill      XL: |  1  2  3  4  5 |
---------------+----------------+-----
Dodging        | 1 2 |  2.0
Armour         | 2 |  2.6
Evocations     | 1 |  1.9
Maces & Flails | 3 |  3.3
Fighting       | 4 |  4.4

Action                   |  1- 3 |  4- 6 || total
-------------------------+-------+-------++-------
Melee: Mace              |   108 |   181 ||   289
       Punch             |       |     1 ||     1
Evoke: Piece from Xom's  |     1 |       ||     1
  Use: Scroll            |     3 |     3 ||     6
       Potion            |       |     2 ||     2
 Stab: Paralysed         |     3 |     1 ||     4
       Confused          |       |     1 ||     1
Armor: Leather armour    |    42 |   113 ||   155
Dodge: Dodged            |    72 |   132 ||   204

Table legend: (Time is in decaauts)
 A = Elapsed time spent in this place.
 B = Non-inter-level travel time spent in this place.
 C = Inter-level travel time spent in this place.
 D = Time resting spent in this place.
 E = Time spent auto-exploring this place.
 F = Levels seen in this place.
 G = Mean time per level.
                   A        B        C        D        E       F      G
               +--------+--------+--------+--------+--------+-----+--------+
         Total |   2891 |   2819 |     72 |      0 |   2034 |   4 |  722.8 |
       Dungeon |   2341 |   2269 |     72 |      0 |   1665 |   3 |  780.3 |
         Sewer |    550 |    550 |      0 |      0 |    369 |   1 |  550.0 |
               +--------+--------+--------+--------+--------+-----+--------+

Top non-repeatable levels by time:
     D:3: 958 daAuts
     D:2: 747 daAuts
     D:1: 635 daAuts
   Sewer: 550 daAuts
